 Dungeon Crawl Stone Soup version 0.29.1-1-gd02db6906a (webtiles) character file.

Game seed: 7862777862689732307

56 SINSOJ the Trooper (level 3, 0/33 HPs)
             Began as a Minotaur Berserker on Oct 17, 2022.
             Was a Follower of Trog.
             Slain by Sigmund
             ... wielding a +0 scythe
              (1 damage)
             ... on level 2 of the Dungeon on Oct 18, 2022.
             The game lasted 00:04:45 (3986 turns).

SINSOJ the Trooper (Minotaur Berserker)             Turns: 3986, Time: 00:04:46

Health: 0/33       AC:  2    Str: 23    XL:     3   Next: 71%
Magic:  2/2        EV: 12    Int:  4    God:    Trog [*.....]
Gold:   112        SH:  0    Dex:  9    Spells: 2/2 levels left

rFire   . . .      SeeInvis .   a - +0 mace
rCold   . . .      Faith    .   (no shield)
rNeg    . . .      Spirit   .   b - +0 animal skin
rPois   .          Reflect  .   (helmet restricted)
rElec   .          Harm     .   (no cloak)
rCorr   .          Rampage  .   (no gloves)
Will    .....                   (no boots)
Stlth   +.........              (no amulet)
HPRegen 0.11/turn               (no ring)
MPRegen 0.08/turn               (no ring)

@: confused
A: horns 2, retaliatory headbutt
a: Renounce Religion, Berserk


You were on level 2 of the Dungeon.
You worshipped Trog.
Trog was aware of your devotion.
You visited 1 branch of the dungeon, and saw 2 of its levels.

You collected 112 gold pieces.

Inventory:

Hand Weapons
 a - a +0 mace (weapon)
Missiles
 e - a throwing net (quivered)
Armour
 b - a +0 animal skin (worn)
Scrolls
 c - 2 scrolls of identify {unknown}
 f - a scroll of fear {unknown}
 g - 2 scrolls of teleportation {unknown}
 i - 2 scrolls of immolation {unknown}
Potions
 d - 2 potions of attraction {unknown}
 h - a potion of resistance {unknown}


   Skills:
 + Level 4.3 Fighting
 + Level 4.3 Maces & Flails
 + Level 2.6 Armour
 + Level 3.2 Dodging


You had 2 spell levels left.
You didn't know any spells.
Your spell library was empty.

Dungeon Overview and Level Annotations

Branches:
Dungeon (2/15)

Altars:
Zin

Annotations:
D:2 Sigmund


Innate Abilities, Weirdness & Mutations

You have a pair of horns on your head.
You reflexively headbutt those who attack you in melee.


Message History

Sigmund is lightly wounded.
The ball python bites you. The ball python grabs you.
The ball python constricts you.
Sigmund points at you and mumbles some strange words.
The puff of flame hits you. The ball python barely misses you.
The ball python constricts you.
You sock the ball python!
You kill the ball python!
Trog accepts your kill.
Sigmund points at you and mumbles some strange words.
You resist with significant effort. Sigmund misses you.
You furiously retaliate!
You headbutt Sigmund. Sigmund hits you with a +0 scythe.
You hit Sigmund but do no damage.
Sigmund is moderately wounded.
You hit Sigmund but do no damage. Your headbutt misses Sigmund.
Sigmund is moderately wounded.
Sigmund closely misses you.
You hit Sigmund but do no damage. Your headbutt misses Sigmund.
Sigmund is moderately wounded.
Sigmund hits you but does no damage.
You hit Sigmund. Your headbutt misses Sigmund.
Sigmund is moderately wounded.
Sigmund barely misses you.
You barely miss Sigmund.
Sigmund is moderately wounded.
Sigmund casts a spell.
Sigmund flickers and vanishes!
Deactivating autopickup; reactivate with Ctrl-A.
You hit something. Something hits you!
You closely miss something. Your headbutt misses something.
You hear some strange, mumbled words.
You are confused.
You barely miss something. Your headbutt misses something. Something hits you.
You hit something. You hit something. Your headbutt misses something.
Something hits you.
You miss something. Something hits you!
* * * LOW HITPOINT WARNING * * *
Something hits you.
You die...

....... ..#
#...... .........
#.# ###.####.
...._..∩# #.#
#...# #. ........#
#.####.### #.
........###.#....#
#.
.8............####
## #..........###
#. #.?...{....# #.
#.....@...># #.
#.........## #.
#.........# #.
#.........# #.
#.........# #.
#.........# ##
...........#
.........$.#
....######## ##


There were no monsters in sight!

Vanquished Creatures
  2 adders (D:2)
  A worm (D:2)
  A dart slug (D:1)
  2 endoplasms
  4 giant cockroaches (D:1)
  2 hobgoblins (D:1)
  3 quokkas (D:1)
  3 ball pythons
  4 bats (D:1)
  A frilled lizard (D:1)
  4 goblins
  4 kobolds
  3 rats (D:1)
34 creatures vanquished.

Notes
Turn   | Place    | Note
-------+----------+-------------------------------------------
     0 | D:1      | SINSOJ the Minotaur Berserker began the quest for the Orb.
     0 | D:1      | Reached XP level 1. HP: 19/19 MP: 0/0
   789 | D:1      | Reached XP level 2. HP: 20/27 MP: 1/1
  2280 | D:1      | Reached XP level 3. HP: 9/33 MP: 2/2
  2998 | D:2      | Found a glowing silver altar of Zin.
  3959 | D:2      | Found a faded altar of an unknown god.
  3963 | D:2      | Noticed Sigmund
  3985 | D:2      | HP: 1/33 [something (10)]
  3986 | D:2      | Slain by Sigmund

Illustrated notes

Levels and vault maps discovered:
D:1:      dpeg_arrival_solitude, layout_rooms
D:2:      layout_basic, hellmonk_ecumenical_altar_arch_garden, basic_altar,
          uniq_sigmund

Skill      XL: |  1  2  3 |
---------------+----------+-----
Maces & Flails | 4 |  4.3
Fighting       | 4 |  4.3
Dodging        | 3 |  3.2
Armour         | |  2.6

Action                   || total
-------------------------++-------
Melee: Mace              ||    77
       Headbutt          ||     4
Invok: Berserk           ||     3
Armor: Animal skin       ||    27
Dodge: Dodged            ||   103
